[Event "Masters Tournament (MTO)"]
[Site "Biel, Switzerland"]
[Date "2026.07.20"]
[Round "7.21"]
[White "Rappazzo, Johannes"]
[Black "Kwiatkowski, Jakub"]
[Result "1-0"]
[TimeControl "100+30+30sec/move"]
[WhiteTitle "-"]
[BlackTitle "-"]
[WhiteFideId "1340069"]
[BlackFideId "1348736"]
[WhiteElo "2268"]
[BlackElo "2107"]

1. e4 c5 2. Nf3 d6 3. d4 cxd4 4.
Nxd4 Nf6 5. Nc3 a6 6. h3 e5 7. Nf3 Qc7 8. a4 h6 9. Be2 Be6 10. Nh2 Be7 11. Ng4 Nc6 12. Nxf6+ Bxf6 13.
O-O Ne7 14. Bg4 Bc4 15. Re1 Rd8 16. Qf3 Ng6 17. g3 Be6 18. a5 Qe7 19. Be3 Bxg4 20. hxg4 Bg5 21. Nd5 Qd7 22. Bxg5 hxg5 23.
Kg2 Ne7 24. Nb6 Qe6 25. Rh1 O-O 26. Rh3 f6 27. Rah1 Kf7 28. Nd5 Rc8 29. c3 Rc5 30. b4 Rxd5 31. exd5 Qxd5 32. Qxd5+ Nxd5 33.
Rh8 Re8 34. Rxe8 Kxe8 35. Rd1 Nxc3 36. Rxd6 Na4 37. Rd3 Nb2 38. Rc3 Kd7 39. Kf3 Na4 40. Rc2 g6 41. Ke4 Kd6 42. Kd3 b6 43.
axb6 Nxb6 44. Ra2 Kc6 45. Rxa6 Kb5 46. Rxb6+ Kxb6 47. Kc4 f5 48. gxf5 gxf5 49. Kd5 e4 50. Ke5 f4 51. Kxe4 fxg3 52.
fxg3 Kb5 53. Kf5 Kxb4 54. Kxg5 1-0

[Event "Masters Tournament (MTO)"]
[Site "Biel, Switzerland"]
[Date "2026.07.20"]
[Round "7.22"]
[White "Kukushkin, Ivan"]
[Black "Papaux, Jeremie"]
[Result "1-0"]
[TimeControl "100+30+30sec/move"]
[WhiteTitle "-"]
[BlackTitle "-"]
[WhiteFideId "11634103"]
[BlackFideId "1340867"]
[WhiteElo "2257"]
[BlackElo "2102"]

1. e4 c5 2. Nf3 Nc6 3. d4 cxd4 4. Nxd4 Nf6 5. Nc3 e5 6. Ndb5 d6 7. Nd5 Nxd5 8. exd5 Ne7 9. c4 Ng6 10.
Bd3 a6 11. Nc3 f5 12. O-O Be7 13. Be3 Bg5 14. Qa4+ Bd7 15. Qb4 Bxe3 16. fxe3 e4 17. Bxe4 O-O 18. Bf3 Ne5 19. Qxd6 Nxc4 20.
Qf4 Rc8 21. d6 b5 22. Nd5 Kh8 23. Ne7 Rb8 24. b3 Nb6 25. Rad1 Nc8 26. Qh4 Be8 27. Rd4 Rf6 28. Nxc8 Qxc8 29.
Qe1 Qd7 30. Qb4 Rb6 31. Rfd1 h6 32. Qc5 Rb8 33. Qc7 Rc8 34. Rc1 Rxc7 35. dxc7 Qe6 36. Kf2 f4 37. c8=Q Qxe3+ 38. Kf1 Re6 39.
Qc3 Qe5 40. Re4 Qd6 41. Rxe6 Qxe6 42. Qc8 Qe3 43. Re1 Qd3+ 44. Be2 Qg6 45. Bc4 f3 46. Rxe8+ 1-0

[Event "Masters Tournament (MTO)"]
[Site "Biel, Switzerland"]
[Date "2026.07.20"]
[Round "7.23"]
[White "Coban, Ege"]
[Black "Joly, Julien"]
[Result "1-0"]
[TimeControl "100+30+30sec/move"]
[WhiteTitle "-"]
[BlackTitle "-"]
[WhiteFideId "26320304"]
[BlackFideId "26082284"]
[WhiteElo "1986"]
[BlackElo "2257"]

1. e4 Nc6 2. Nf3 d6 3. d4 Nf6 4. Nc3 g6 5. Bf4 Bg7 6. Qd2 Bg4 7. O-O-O Bxf3 8. gxf3 Nd7 9. Be3 Nb6 10.
h4 e6 11. f4 Na5 12. b3 Nc6 13. h5 d5 14. f5 dxe4 15. fxe6 f5 16. d5 Ne5 17. hxg6 Nxg6 18. Bb5+ Kf8 19.
Bc5+ Kg8 20. Qe3 Nc8 21. e7 Ngxe7 22. d6 cxd6 23. Qg5 h6 24. Qh5 Rh7 25. Rhg1 Nc6 26. Nd5 dxc5 27. Nf6+ Qxf6 28. Qe8+ Qf8 29. Bc4+ 1-0

[Event "Masters Tournament (MTO)"]
[Site "Biel, Switzerland"]
[Date "2026.07.20"]
[Round "7.24"]
[White "Berezovskii, Arina"]
[Black "Dauth, Benjamin"]
[Result "0-1"]
[TimeControl "100+30+30sec/move"]
[WhiteTitle "-"]
[BlackTitle "-"]
[WhiteFideId "34449850"]
[BlackFideId "4688104"]
[WhiteElo "1906"]
[BlackElo "2247"]

1. e4 e5 2. Nf3 Nc6 3. Bb5 a6 4. Bxc6 dxc6 5. O-O Bg4 6. h3 Bxf3 7. Qxf3 Qf6 8. Qxf6 Nxf6 9. d3 Bc5 10.
Nd2 Nd7 11. Nf3 f6 12. Bd2 O-O-O 13. Rfb1 Nf8 14. b4 Be7 15. a4 Ne6 16. Kf1 g5 17. b5 cxb5 18. axb5 axb5 19. Rxb5 b6 20.
Rb2 h5 21. Rba2 Bc5 22. h4 g4 23. Ng1 Kd7 24. Ne2 Rb8 25. Ng3 Rbf8 26. Nf5 Nd4 27. Bh6 Rf7 28. Be3 Nxf5 29. exf5 Bd6 30.
Bxb6 e4 31. Ra7 Rb8 32. Be3 exd3 33. cxd3 Rb3 34. Rd1 Rb5 35. g3 Rxf5 36. Kg2 Re7 37. Ra8 Rf3 38. Bd4 Re2 39. Kg1 c5 40.
Be3 Bxg3 41. Bxc5 Bxf2+ 42. Bxf2 Rfxf2 43. Ra5 f5 44. Rc1 g3 45. Ra7+ Kd6 46. Rca1 f4 47. R7a6+ Kd5 48. R6a5+ Kd4 49.
R5a4+ Ke3 50. d4 Kf3 51. R4a3+ Kg4 52. d5 Kh3 53. d6 Rg2+ 54. Kh1 Rh2+ 55. Kg1 Reg2+ 0-1

[Event "Masters Tournament (MTO)"]
[Site "Biel, Switzerland"]
[Date "2026.07.20"]
[Round "7.25"]
[White "Ivana Maria, Furtado"]
[Black "Schmidt, Florian Pascal"]
[Result "1/2-1/2"]
[TimeControl "100+30+30sec/move"]
[WhiteTitle "-"]
[BlackTitle "-"]
[WhiteFideId "5048400"]
[BlackFideId "16256840"]
[WhiteElo "2182"]
[BlackElo "2095"]

1. d4 Nf6 2. Nf3 d5 3. g3 Bg4 4. Bg2 e6 5. Ne5 Bf5 6. O-O Bd6 7. c4 c6 8. Nc3 O-O 9. f3 Bg6 10.
Nxg6 hxg6 11. e4 dxe4 12. fxe4 e5 13. d5 Nbd7 14. Be3 Bc5 15. Bxc5 Nxc5 16. b4 Na6 17. a3 c5 18. Rb1 cxb4 19.
axb4 Qb6+ 20. Rf2 Nxb4 21. Na4 Qa5 22. Rfb2 Na6 23. Rb5 Qc7 24. c5 Rab8 25. g4 Nd7 26. d6 Qc6 27. Qd5 Nf6 28.
Qxc6 bxc6 29. Rb7 Nd7 30. Bf1 Rxb7 31. Rxb7 Naxc5 32. Rxa7 Rd8 33. Nc3 Nf6 34. Bc4 Rd7 35. Rc7 Rxd6 36.
Bxf7+ Kh7 37. g5 Nfxe4 38. Nxe4 Nxe4 39. h4 Rd8 40. Rxc6 Nd6 41. Be6 Nf5 42. Bf7 Nxh4 43. Rc3 Rf8 44.
Bd5 Nf5 45. Rh3+ Nh6 46. gxh6 gxh6 47. Ra3 Kg7 1/2-1/2

[Event "Masters Tournament (MTO)"]
[Site "Biel, Switzerland"]
[Date "2026.07.20"]
[Round "7.26"]
[White "Erne, Raphael"]
[Black "Gerrits, Augustin"]
[Result "1-0"]
[TimeControl "100+30+30sec/move"]
[WhiteTitle "-"]
[BlackTitle "-"]
[WhiteFideId "1341928"]
[BlackFideId "285358"]
[WhiteElo "2166"]
[BlackElo "2072"]

1. d4 d5 2. c4 c6 3. Nf3 Nf6 4. Qb3 e6 5. Bg5 Be7 6. Nc3 Nbd7 7. e3 b6 8. Bd3 O-O 9. O-O dxc4 10.
Bxc4 Nd5 11. Bxe7 Qxe7 12. Rfe1 Nxc3 13. bxc3 Bb7 14. a4 c5 15. e4 cxd4 16. cxd4 Nf6 17. Bd3 Rab8 18. Qc2 Rfc8 19.
Qd2 Qd8 20. Qf4 Rc3 21. Red1 Rbc8 22. d5 exd5 23. e5 Qc7 24. g3 Ne4 25. Nd4 Qe7 26. Nf5 Qc7 27. Bxe4 dxe4 28. Qg5 f6 29.
exf6 e3 30. f7+ 1-0

[Event "Masters Tournament (MTO)"]
[Site "Biel, Switzerland"]
[Date "2026.07.20"]
[Round "7.27"]
[White "Tkhoruk, Roman"]
[Black "Kudryavtsev, Eugene"]
[Result "1/2-1/2"]
[TimeControl "100+30+30sec/move"]
[WhiteTitle "-"]
[BlackTitle "-"]
[WhiteFideId "34161589"]
[BlackFideId "1315374"]
[WhiteElo "1967"]
[BlackElo "2146"]

1. e4 c5 2. Nf3 d6 3. Bb5+ Nd7 4. O-O a6 5. Bd3 Ngf6 6. c3 b5 7. Bc2 Bb7 8. Re1 Qc7 9. d3 g6 10.
h3 Bg7 11. Bf4 e5 12. Bh2 O-O 13. Nbd2 Rac8 14. Rc1 Rfe8 15. c4 Nf8 16. b3 Bh6 17. Rb1 b4 18. Nf1 Ne6 19. Ne3 Nh5 20.
g3 f6 21. Nd5 Qf7 22. Qe2 Rf8 23. Bd1 Kh8 24. Rb2 Qg7 25. Nh4 f5 26. Nxf5 gxf5 27. Qxh5 Bxd5 28. cxd5 Nf4 29. Qf3 fxe4 30.
Qxe4 Nxh3+ 31. Kf1 Ng5 32. Qc4 a5 33. Bg4 Nf3 34. Bxc8 Nxh2+ 35. Kg2 Nf3 36. Re4 Qf6 37. Bg4 Nd2 38.
Rxd2 Bxd2 39. Re2 Bc3 40. Qe4 Bd4 41. Bf3 Qg6 42. Qxg6 hxg6 43. Bg4 Rf7 44. Be6 Ra7 45. Rc2 Kg7 46.
f4 a4 47. bxa4 Rxa4 48. fxe5 Bxe5 49. Bd7 Ra7 50. Bb5 Bd4 51. Re2 Kh6 52. Bc4 Rf7 53. Bb3 Rf5 54. Bc4 Kg5 55. Bb3 Rf6 56.
Bc4 Kf5 57. Bb5 Kg5 58. Bc4 Kh6 59. Bb3 Kg7 60. Bc4 Kf7 61. Bb5 g5 62. Bd7 Be5 63. Rf2 Bd4 64. Re2 Be5 65. Rf2 Ke7 66.
Rxf6 Kxf6 67. Kf3 Bd4 1/2-1/2

[Event "Masters Tournament (MTO)"]
[Site "Biel, Switzerland"]
[Date "2026.07.20"]
[Round "7.28"]
[White "Fogo Esquivel, Levi Kalani Alexander"]
[Black "Stefan, Iulia-Cristiana"]
[Result "0-1"]
[TimeControl "100+30+30sec/move"]
[WhiteTitle "-"]
[BlackTitle "-"]
[WhiteFideId "5183189"]
[BlackFideId "1273876"]
[WhiteElo "2125"]
[BlackElo "2053"]

1. e4 e5 2. Nf3 Nc6 3. Bc4 Nf6 4. d3 h6 5. O-O d6 6. a4 g6 7. Nc3 Bg7 8. h3 O-O 9. Be3 Be6 10.
Bxe6 fxe6 11. a5 a6 12. Qd2 Kh7 13. d4 Nh5 14. dxe5 Rxf3 15. gxf3 Nxe5 16. Kg2 Qf6 17. f4 Nc4 18.
Qe2 Nxb2 19. Ra3 Nxf4+ 20. Bxf4 Qxf4 21. Rb3 Be5 22. Rh1 Rf8 23. Rxb2 Bxc3 24. Rxb7 Bxa5 25. Qe3 Qe5 26. Rhb1 Rf7 27.
Rd1 Bb6 28. f4 Qb5 29. Qf3 Qc6 30. Rb8 Qxc2+ 31. Kh1 e5 32. f5 gxf5 33. exf5 e4 34. Qf1 e3 35. Qf3 Qxf5 36. Qg2 Rg7 37.
Rf1 Rxg2 38. Rxf5 e2 39. Kxg2 e1=Q 40. Rbf8 Qg1+ 41. Kf3 Qe3+ 42. Kg4 Bd4 43. R8f7+ Bg7 44.
Rxc7 Qe4+ 45. Rf4 h5+ 46. Kg3 Qe3+ 47. Rf3 Qe1+ 48. Kg2 Kh6 49. Rcf7 a5 50. Rg3 Be5 51. Rg8 Qe4+ 52. Rf3 a4 53.
Re8 Qg6+ 54. Kf1 Qxe8 55. h4 Qb5+ 56. Kg2 a3 57. Rf2 Qd5+ 58. Kh3 Qh1+ 0-1

[Event "Masters Tournament (MTO)"]
[Site "Biel, Switzerland"]
[Date "2026.07.20"]
[Round "7.29"]
[White "Angst, Oliver"]
[Black "Yang, Sung-Jui"]
[Result "1-0"]
[TimeControl "100+30+30sec/move"]
[WhiteTitle "-"]
[BlackTitle "-"]
[WhiteFideId "1334069"]
[BlackFideId "16301048"]
[WhiteElo "2121"]
[BlackElo "1935"]

1. e4 e6 2. d4 d5 3. Nc3 Nf6 4.
e5 Nfd7 5. f4 c5 6. Nf3 Nc6 7. Be3 cxd4 8. Nxd4 Qb6 9. Qd2 Qxb2 10. Rb1 Qa3 11. Bb5 Nxd4 12. Bxd4 a6 13. Bxd7+ Bxd7 14.
Rb3 Qe7 15. Rb4 b6 16. Rxb6 Qd8 17. Rb7 Qc8 18. Bb6 Qd8 19.
Rc7 Rc8 20. Qd4 Qe7 21. Rxc8+ Bxc8 22. O-O Qb4 23. Qe3 Be7 24.
f5 Bg5 25. Qxg5 Qxb6+ 26. Kh1 g6 27. fxe6 Bxe6 28. Qf6 Rg8 29. Nxd5 Qd8 30. c4 Bxd5 31. cxd5 Qxd5 32. Qxa6 Kf8 33.
Qf6 Ke8 34. h3 Qe6 35. Qh4 h5 36. Rb1 Kf8 37. Rb8+ Kg7 38. Qf6+ Kh7 39. Rxg8 Kxg8 40. Qxe6 fxe6 41. a4 Kf8 42. a5 1-0

[Event "Masters Tournament (MTO)"]
[Site "Biel, Switzerland"]
[Date "2026.07.20"]
[Round "7.30"]
[White "Matsumura, Cocoro"]
[Black "Di Candia, Roberto"]
[Result "1-0"]
[TimeControl "100+30+30sec/move"]
[WhiteTitle "-"]
[BlackTitle "-"]
[WhiteFideId "36087114"]
[BlackFideId "856649"]
[WhiteElo "2225"]
[BlackElo "1988"]

1. e4 e5 2. Nf3 Nc6 3. Bb5 g6 4. O-O Bg7 5. c3 a6 6. Bc4 b5 7. Bd5 Nge7 8. d4 exd4 9. cxd4 O-O 10.
Bg5 h6 11. Bh4 Bb7 12. Nc3 d6 13. h3 g5 14. Bg3 b4 15. Qb3 Qc8 16. Bxc6 Nxc6 17. Nd5 a5 18. Rac1 Qd7 19. Rfd1 Rac8 20.
e5 Qe6 21. Nf6+ Bxf6 22. d5 Qe8 23. dxc6 Bxc6 24. exf6 Ba4 25. Qd3 Bxd1 26. Nxg5 Qe1+ 27. Kh2 hxg5 28. Qf5 Rfd8 29. Qxg5+ Kf8 30.
Qg7+ Ke8 31. Qg8+ Kd7 32. Qxf7+ Qe7 33. Qxe7# 1-0

[Event "Masters Tournament (MTO)"]
[Site "Biel, Switzerland"]
[Date "2026.07.20"]
[Round "7.31"]
[White "Monteverde, Jonathan"]
[Black "Joly, Fabrice"]
[Result "1-0"]
[TimeControl "100+30+30sec/move"]
[WhiteTitle "-"]
[BlackTitle "-"]
[WhiteFideId "1314580"]
[BlackFideId "612235"]
[WhiteElo "2098"]
[BlackElo "1907"]

1. d4 Nf6 2. c4 c5 3. d5 b5 4. cxb5 a6 5. f3 g6 6. e4 Bg7 7. a4 O-O 8. Na3 e6 9. d6 Ne8 10.
Ne2 f5 11. Nc3 Bb7 12. exf5 Rxf5 13. Be3 Qh4+ 14. Bf2 Qb4 15. Qd2 Nxd6 16. Bd3 Re5+ 17. Be2 Nf5 18. f4 Bh6 19. Nc2 Qxf4 20.
Qxf4 Bxf4 21. O-O Ne3 22. Nxe3 Bxe3 23. Bxe3 Rxe3 24. Rf4 Re5 25. g4 axb5 26. Bxb5 Nc6 27. Raf1 Rd8 28. Ne4 Nd4 29.
Nd6 Rb8 30. Rf7 Bc6 31. Re7 Rf8 32. Nf7 Nf5 33. Nxe5 Nxe7 34. Rxf8+ Kxf8 35. Nxd7+ Kg7 36. Bxc6 Nxc6 37. Nxc5 Kf7 38.
Kf2 Kf6 39. Ke3 Ne5 40. b4 Nxg4+ 41. Kf4 h5 42. a5 g5+ 43. Ke4 Ke7 44. a6 Nf6+ 45. Ke5 Nd5 46. a7 Nb6 47. Na4 Na8 48.
b5 Kd8 49. b6 Kc8 50. Kxe6 Kb7 51. Kf5 1-0

[Event "Masters Tournament (MTO)"]
[Site "Biel, Switzerland"]
[Date "2026.07.20"]
[Round "7.32"]
[White "Iafelice, Vincenzo"]
[Black "Scherler, Julius"]
[Result "1-0"]
[TimeControl "100+30+30sec/move"]
[WhiteTitle "-"]
[BlackTitle "-"]
[WhiteFideId "810541"]
[BlackFideId "1337947"]
[WhiteElo "2086"]
[BlackElo "1941"]

1. e4 c6 2. Nf3 d5 3. d3 g6 4. e5 d4 5. c3 c5 6. Bf4 Nc6 7. Nbd2 Bg7 8. h3 Qc7 9. Qe2 dxc3 10.
bxc3 Qa5 11. Rc1 Qxa2 12. Qe3 b6 13. d4 Qa3 14. Nc4 cxd4 15. Nxd4 Qc5 16. Qe4 Nxd4 17. cxd4 1-0

[Event "Masters Tournament (MTO)"]
[Site "Biel, Switzerland"]
[Date "2026.07.20"]
[Round "7.33"]
[White "Morrison, Joseph"]
[Black "Corbat, Philippe"]
[Result "0-1"]
[TimeControl "100+30+30sec/move"]
[WhiteTitle "-"]
[BlackTitle "-"]
[WhiteFideId "479535"]
[BlackFideId "1304496"]
[WhiteElo "2048"]
[BlackElo "1893"]

1. e4 d5 2. exd5 Nf6 3. d4 Qxd5 4. c4 Qe4+ 5. Be3 e5 6. Nc3 Bb4 7. Qa4+ Nc6 8. d5 Bxc3+ 9. bxc3 Nxd5 10.
Qb3 Nxe3 11. fxe3 Qxe3+ 12. Be2 O-O 13. Rd1 e4 14. Rd2 Ne5 15. Kd1 Nd3 16. Bxd3 exd3 17. Nf3 Bg4 18. Rf1 Rfe8 19.
Kc1 Bxf3 20. Rxf3 Qg1+ 21. Rd1 d2+ 22. Kc2 Re1 23. Qxb7 Rf8 24. Rxd2 Rc1+ 25. Kb3 Rb1+ 26. Rb2 Rxb2+ 27. Kxb2 Qxg2+ 28. Kb3 Qxh2 29. Qxa7 c5 30. Ka3 h5 31. Rf5 Qh3 32. Rxc5 Qxc3+ 33. Ka4 Qc2+ 34. Kb5 Qb2+ 35. Kc6 h4 36.
Rh5 Qg2+ 37. Kb5 Ra8 38. Qd4 Qxa2 39. Rxh4 Qa5+ 40. Kc6 Rc8+ 41. Kb7 Qa8+ 42. Kb6 Rc6+ 0-1

[Event "Masters Tournament (MTO)"]
[Site "Biel, Switzerland"]
[Date "2026.07.20"]
[Round "7.34"]
[White "Heitmann, Erik"]
[Black "Lumsdon, Andrew"]
[Result "1-0"]
[TimeControl "100+30+30sec/move"]
[WhiteTitle "-"]
[BlackTitle "-"]
[WhiteFideId "34608940"]
[BlackFideId "1308840"]
[WhiteElo "1949"]
[BlackElo "2033"]

1. d4 g6 2. c4 Bg7 3. Nc3 d6 4. e4 Nd7 5. f3 c6 6. Nge2 e5 7. d5 c5 8. Be3 f5 9. Qd2 f4 10. Bf2 Bh6 11. h4 Ndf6 12. a3 Qa5 13. Nc1 a6 14. Qd3 Bd7 15.
b4 cxb4 16. Nb3 Qc7 17. axb4 b6 18. c5 bxc5 19. bxc5 dxc5 20. Nxc5 a5 21. Nb5 Bxb5 22. Qxb5+ Nd7 23. d6 Qc8 24.
Bc4 Ngf6 25. Nxd7 Nxd7 26. Qd5 Bf8 27. O-O Bxd6 28. Rfd1 Bc5 29. Bb5 Bxf2+ 30. Kxf2 Ra7 31. Qxe5+ Kf7 32.
Rxd7+ Rxd7 33. Bxd7 Qxd7 34.
Qxh8 Ke6 35. Qg8+ Kf6 36. e5+ Kf5 37. Qf8+ Ke6 38. Qf6+ 1-0

[Event "Masters Tournament (MTO)"]
[Site "Biel, Switzerland"]
[Date "2026.07.20"]
[Round "7.35"]
[White "Aryan, Goyal"]
[Black "Fattori Dittmar, Luca"]
[Result "1-0"]
[TimeControl "100+30+30sec/move"]
[WhiteTitle "-"]
[BlackTitle "-"]
[WhiteFideId "366108825"]
[BlackFideId "34678883"]
[WhiteElo "2029"]
[BlackElo "1840"]

1. e4 e6 2. d4 d5 3. Nd2 c5 4. Ngf3 cxd4 5. Nxd4 Nf6 6. exd5 Qxd5 7. Nb5 Qd8 8. Nc4 Qxd1+ 9. Kxd1 Na6 10.
Ncd6+ Bxd6 11. Nxd6+ Ke7 12. Nxc8+ Raxc8 13. Bxa6 bxa6 14. c3 Rhd8+ 15. Ke2 Nd5 16. Bd2 Rc4 17. g3 a5 18. Rhc1 h6 19.
f3 Rdc8 20. b3 R4c5 21. c4 Nb4 22. a3 Re5+ 23. Be3 Nc6 24. Kf2 g5 25. Rab1 Rf5 26. Rc3 Ne5 27. Bxa7 Rd8 28. Ke2 g4 29.
fxg4 Nxg4 30. h3 Re5+ 31. Be3 Nf6 32. Rd3 Ne4 33. Rxd8 Nc3+ 34. Kd3 Nxb1 35. Rc8 Nxa3 36. Rc5 Kd6 37.
Rxe5 Kxe5 38. Bc1 Nxc4 39. bxc4 h5 40. Bf4+ Kf5 41. c5 e5 42. c6 exf4 43. c7 fxg3 1-0

[Event "Masters Tournament (MTO)"]
[Site "Biel, Switzerland"]
[Date "2026.07.20"]
[Round "7.36"]
[White "Jelicic, Hugo"]
[Black "Al Ibrahim, Abdulrahman"]
[Result "1/2-1/2"]
[TimeControl "100+30+30sec/move"]
[WhiteTitle "-"]
[BlackTitle "-"]
[WhiteFideId "1349040"]
[BlackFideId "10300503"]
[WhiteElo "1907"]
[BlackElo "2016"]

1. d4 d5 2. Nf3 Nf6 3. c4 e6 4. Nc3 a6 5. e3 Nbd7 6. b3 b6 7. Bd3 Bd6 8. O-O Bb7 9. Bb2 O-O 10.
Qe2 Ne4 11. Nd2 f5 12. cxd5 exd5 13. Rfe1 Ndf6 14. Nf1 Qe7 15. f3 Nxc3 16. Bxc3 g6 17. Bb2 Rfe8 18. a3 Nd7 19. Nd2 Nf6 20.
b4 b5 21. Nb3 Rad8 22. Rac1 Qg7 23. Nc5 Bc8 24. Qc2 Qh6 25. g3 Rxe3 26. Rxe3 Qxe3+ 27. Qf2 Qxf2+ 28. Kxf2 Re8 29. Rc2 Nd7 30. Bc1 Nb6 31. Bf1 Nc4 32.
Nb3 Kg7 33. Bxc4 dxc4 34. Na5 Bd7 35. Nb7 Be7 36. Nc5 Bc8 37. Re2 Kf7 38. Bb2 Bf6 39. Bc3 Rxe2+ 40. Kxe2 Ke7 41. f4 h6 42. Ke3 Kd6 43. Bb2 Kd5 44.
Bc3 g5 45. h3 Kd6 46. Bb2 Kd5 47. Bc3 gxf4+ 48. gxf4 Bh4 49. Bd2 Kd6 50. Bc3 Bg3 51. Bd2 Kc6 52. Kf3 Bh4 53. Ke3 Kb6 54.
Bc3 Kc6 55. Bd2 Bd7 56. Bc3 Be8 57. Bd2 Bf7 58. Nxa6 Bd5 59. Nc5 Bg2 60. Ne6 Bxh3 61. Bc3 Bg4 62. d5+ Kxd5 63. Nxc7+ Kc6 64.
Ne6 h5 65. Nd4+ Kb6 66. Nc2 Bg3 67. Be1 Bxe1 68. Nxe1 h4 69. Nc2 h3 70. Kf2 Be2 71. Kg3 Bd3 72. Ne3 Be4 73. Nd1 Bg2 74. Nc3 Kc6 75. Kh2 Kd6 76. Kg3 Ke6 77. Kh2 Bf1 78. Kg3 Bg2 79.
Kh2 Bc6 80. Kxh3 Kf6 81. Kg3 Kg6 82. Kh3 Kh5 83. Kg3 Kg6 1/2-1/2

[Event "Masters Tournament (MTO)"]
[Site "Biel, Switzerland"]
[Date "2026.07.20"]
[Round "7.37"]
[White "Bucher, Dominic"]
[Black "Carey, Michael"]
[Result "1-0"]
[TimeControl "100+30+30sec/move"]
[WhiteTitle "-"]
[BlackTitle "-"]
[WhiteFideId "1353144"]
[BlackFideId "30923760"]
[WhiteElo "2078"]
[BlackElo "1946"]

1. e4 c5 2. Nf3 Nc6 3. d4 cxd4 4. Nxd4 Nf6 5. Nc3 d6 6. Bg5 e6 7. Qd2 a6 8. O-O-O Qb6 9. Nb3 Be7 10.
f4 O-O 11. Bd3 h6 12. Bxf6 Bxf6 13. g4 g6 14. g5 hxg5 15. fxg5 Bg7 16. h4 Nd4 17. Bc4 Qb4 18. Nxd4 Qxc4 19.
h5 gxh5 20. Rxh5 Rd8 21. Qf2 Bd7 22. Rh3 Qc5 23. Qh4 Be8 24. Qh7+ Kf8 25. Nxe6+ fxe6 26. Rf3+ Bf7 27. g6 Qg5+ 28.
Kb1 Rd7 29. Rdf1 1-0

[Event "Masters Tournament (MTO)"]
[Site "Biel, Switzerland"]
[Date "2026.07.20"]
[Round "7.38"]
[White "Stevens, Christian"]
[Black "Tan, Jimmy"]
[Result "1-0"]
[TimeControl "100+30+30sec/move"]
[WhiteTitle "-"]
[BlackTitle "-"]
[WhiteFideId "649090"]
[BlackFideId "129057499"]
[WhiteElo "2014"]
[BlackElo "1953"]

1. Nf3 Nf6 2. g3 g6 3. Bg2 Bg7 4. d3 c5 5. O-O d5 6. c4 O-O 7. Nc3 Nc6 8. Bd2 d4 9. Na4 Nd7 10.
a3 a5 11. Rb1 Rb8 12. Qc2 e5 13. b4 axb4 14. axb4 cxb4 15. Bxb4 Nxb4 16. Rxb4 Re8 17. Rfb1 Bf8 18. Rb5 Qc7 19.
Nd2 b6 20. Qb2 Ba6 21. Rb3 Nc5 22. Nxc5 Bxc5 23. Ne4 Re6 24. Ng5 Re7 25. Bd5 Rd8 26. Ne4 Bc8 27. Qc1 Kg7 28. Qg5 Rd6 29.
Nxd6 Qxd6 30. Ra1 Be6 31. Bg2 Bf5 32. f3 h6 33. Qd2 Bd7 34. Rbb1 Bc6 35. Ra6 Bb7 36. Ra2 Bc6 37. Qb2 Qf6 38. Ra6 Rb7 39. Qc1 Qe7 40. Rba1 Rc7 41. Qb2 h5 42.
Rxb6 Bxb6 43. Qxb6 Qd6 44. Ra6 Qe7 45. Ra5 Be8 46. f4 exf4 47. Qxd4+ Kh7 48. Re5 Qd7 49. Qxd7 Bxd7 50. Re7 f3 51.
Bxf3 Kg7 52. Bd5 Kf6 53. Rxf7+ Ke5 54. Kf2 g5 55. Rh7 Kf6 56. d4 Kg6 57. Be4+ Kf6 58. c5 1-0

[Event "Masters Tournament (MTO)"]
[Site "Biel, Switzerland"]
[Date "2026.07.20"]
[Round "7.39"]
[White "Rosen, Noah"]
[Black "Arndt, Uwe"]
[Result "0-1"]
[TimeControl "100+30+30sec/move"]
[WhiteTitle "-"]
[BlackTitle "-"]
[WhiteFideId "1356267"]
[BlackFideId "24647713"]
[WhiteElo "1921"]
[BlackElo "2005"]

1. e4 c6 2. d4 d5 3. e5 Bf5 4. Nf3 e6 5. Be2 Nd7 6. O-O Ne7 7. c3 h6 8. Na3 c5 9. Nb5 Nc6 10.
dxc5 Bxc5 11. b4 Be7 12. Nfd4 Bh7 13. f4 a6 14. Nxc6 bxc6 15. Nd4 Qb6 16. Be3 c5 17. Nb3 O-O 18.
Bf3 Rac8 19. c4 Qxb4 20. cxd5 exd5 21. Qxd5 Nb6 22. Qb7 Nc4 23. Bf2 Rfe8 24. Rad1 a5 25. Rd7 Qxb7 26. Bxb7 Rcd8 27.
Rfd1 Rxd7 28. Rxd7 Bb1 29. Bd5 Nb6 30. e6 Nxd5 31. exf7+ Kxf7 32. Nxc5 Bxa2 33. f5 Rc8 34. Nd3 Ke8 35.
Ra7 Nb4 36. Ne1 Nc6 37. Rb7 Rb8 38. Rc7 Bd5 39. Bg3 Rb1 40. Rc8+ Kd7 41. Rc7+ Kd8 42. Kf1 a4 43. Ke2 a3 44.
Nc2 a2 45. Kd3 Rb3+ 46. Kd2 Rxg3 0-1

[Event "Masters Tournament (MTO)"]
[Site "Biel, Switzerland"]
[Date "2026.07.20"]
[Round "7.40"]
[White "Vedant, Nayudu"]
[Black "Celis, Joel"]
[Result "0-1"]
[TimeControl "100+30+30sec/move"]
[WhiteTitle "-"]
[BlackTitle "-"]
[WhiteFideId "33369780"]
[BlackFideId "15400212"]
[WhiteElo "1797"]
[BlackElo "1981"]

1. e4 d5 2. exd5 Qxd5 3. Nc3 Qa5 4. d4 Nf6 5. Nf3 c6 6. Ne5 Be6 7. Bf4 Nbd7 8. Nc4 Qd8 9. Qd2 b5 10.
Ne5 Nxe5 11. Bxe5 Nd7 12. Bf4 Nb6 13. Be2 Nc4 14. Bxc4 Bxc4 15. b3 Bd5 16. O-O e6 17. Qd3 Be7 18.
Ne2 b4 19. Rfe1 O-O 20. a4 a5 21. Rad1 Rc8 22. Be3 Bd6 23. Nf4 Qh4 24. Qd2 Rfd8 25. h3 h6 26. Nd3 Qe4 27. f3 Qg6 28.
Rf1 Qf6 29. Qf2 Re8 30. Nc5 Qg6 31. Ne4 Bb8 32. g4 Rf8 33. Ng3 f5 34. gxf5 Qxg3+ 35. Qxg3 Bxg3 36. fxe6 Bxe6 37. Kg2 Bc7 38.
f4 Rf6 39. Rf2 Rcf8 40. Rdf1 Rf5 41. h4 R8f6 42. Re1 Bd5+ 43. Kh3 Kf7 44. Kg4 Be6 45. Kg3 Rg6+ 46. Kf3 Bd5+ 47. Ke2 Rg4 48.
Ref1 Rxh4 49. Kd3 Rh3 50. Kd2 Rh1 51. Rxh1 Bxh1 52. c4 bxc3+ 53. Kxc3 Bd6 54. Kd3 Bd5 55. Rb2 Kf6 56. Bd2 Bb4 57.
Bxb4 axb4 58. a5 Be6 59. Ra2 Bxb3 60. Ra1 Rd5 61. a6 Rd8 62. a7 Ra8 63. Rb1 Rxa7 64. Rxb3 Ra3 65. Kc4 Rxb3 66.
Kxb3 h5 67. Kxb4 h4 68. Kc5 h3 69. Kxc6 h2 70. d5 h1=Q 71. Kd6 Qc1 72. Kd7 Qxf4 73. d6 Qa4+ 74. Kc7 Ke6 75. d7 Qxd7+ 76. Kb8 Kd6 77. Ka8 Kc6 78. Kb8 Qb7# 0-1

[Event "Masters Tournament (MTO)"]
[Site "Biel, Switzerland"]
[Date "2026.07.20"]
[Round "7.41"]
[White "Damen, Josephine"]
[Black "Von Burg, Carl Alexander"]
[Result "0-1"]
[TimeControl "100+30+30sec/move"]
[WhiteTitle "-"]
[BlackTitle "-"]
[WhiteFideId "1074369"]
[BlackFideId "1352458"]
[WhiteElo "1971"]
[BlackElo "1947"]

1. e4 e5 2. Nf3 Nc6 3. Bc4 Bc5 4. c3 Nf6 5. d4 exd4 6. cxd4 Bb4+ 7. Nbd2 Nxe4 8. d5 Ne7 9. O-O Nxd2 10.
Bxd2 Bxd2 11. d6 cxd6 12. Qxd2 d5 13. Bxd5 O-O 14. Rfe1 Nxd5 15. Qxd5 d6 16. b3 a5 17. Re4 Qf6 18.
Rae1 h6 19. Nd4 a4 20. b4 Be6 21. Nxe6 fxe6 22. Qxe6+ Qxe6 23. Rxe6 Rac8 24. f3 Rc2 25. R1e2 Rxe2 26. Rxe2 Rc8 27.
Kf2 Rc4 28. a3 d5 29. Re3 Kf7 30. Ke1 Rc2 31. Re5 Rxg2 32. Rxd5 Rxh2 33. Rd7+ Kf6 34. Rxb7 Ra2 35. Ra7 Rxa3 36.
Kf2 h5 37. b5 Rb3 38. Ra6+ Kf5 39. b6 a3 40. Ra5+ Kg6 41. Ra6 Kg5 42. Ra5+ Kh6 43. Ra6 g6 44. Kg3 a2 45. Rxa2 Rxb6 46.
Ra4 Rb1 47. Rc4 Rg1+ 48. Kh4 g5+ 49. Kh3 h4 50. f4 Rg3+ 51. Kh2 g4 52. Rc8 Kg6 53. Rh8 Rh3+ 54. Kg2 Kf5 55. Rf8+ Ke4 56.
f5 Rf3 57. f6 h3+ 58. Kh2 Rf2+ 59. Kg3 Rg2+ 60. Kh4 h2 61. Kg5 h1=Q 62. Re8+ Kd5 63. f7 Qc1 64. Kg6 Qc2+ 65. Kg7 Qc3+ 66.
Kg8 Rf2 67. Rd8+ Ke5 0-1

[Event "Masters Tournament (MTO)"]
[Site "Biel, Switzerland"]
[Date "2026.07.20"]
[Round "7.42"]
[White "Magnussen, Petur Gardar"]
[Black "Petry, Martin"]
[Result "1/2-1/2"]
[TimeControl "100+30+30sec/move"]
[WhiteTitle "-"]
[BlackTitle "-"]
[WhiteFideId "7203802"]
[BlackFideId "1352318"]
[WhiteElo "1957"]
[BlackElo "1999"]

1. e4 g6 2. d4 Bg7 3. Nc3 d6 4. Be3 a6 5. Qd2 b5 6. f3 Nd7 7. O-O-O b4 8. Nce2 a5 9. h4 Nb6 10.
Nf4 h5 11. Ngh3 d5 12. e5 Bxh3 13. Rxh3 e6 14. Bb5+ Nd7 15. Qd3 Ne7 16. Bxd7+ Qxd7 17. g4 Bh6 18. Kb1 Bxf4 19. Bxf4 Qc6 20.
Bg5 Nc8 21. Qe3 Nb6 22. Qf4 Qd7 23. Bf6 Rh7 24. gxh5 Rxh5 25. Rg1 b3 26. cxb3 a4 27. Rc1 Qb5 28. Qe3 axb3 29. axb3 c6 30.
Qc3 Rc8 31. Bg5 Nd7 32. b4 Nb6 33.
b3 Rh8 34. Kb2 Rc7 35. Rh2 Kd7 36. Ra1 Ra8 37. Rxa8 Nxa8 38. h5 gxh5 39. Rxh5 Qe2+ 40. Bd2 Kc8 41. Rh8+ Kb7 42. Kc2 Nb6 43.
Rh7 Nc8 44. Qe3 Qg2 45. Kb2 Na7 46. Qf4 Qg6 47. Rh6 Qd3 48. Qe3 Qf5 49. Rf6 Qh5 50. Rh6 1/2-1/2